 Dungeon Crawl Stone Soup version 0.19.0 (webtiles) character file.

1248 CanadianGator the Cudgeler (level 8, -14/62 HPs)
             Began as a Demonspawn Berserker on Nov 16, 2016.
             Was a Priest of Trog.
             Killed by divine providence
             ... invoked by an orc priest
              (16 damage)
             ... on level 6 of the Dungeon on Nov 17, 2016.
             The game lasted 00:18:16 (4027 turns).

CanadianGator the Cudgeler (Demonspawn Berserker)   Turns: 4027, Time: 00:18:16

Health: -14/62     AC: 11    Str: 18    XL:     8   Next: 26%
Magic:  8/8        EV: 12    Int:  8    God:    Trog [***...]
Gold:   307        SH:  0    Dex: 15    Spells: 0 memorised, 7 levels left

rFire  + . .     SeeInvis .     r - +1 mace (protect)
rCold  . . .     Gourm    .     f - +0 ring mail
rNeg   . . .     Faith    .     (no shield)
rPois  .         Spirit   .     (no helmet)
rElec  .         Reflect  .     (no cloak)
rCorr  .         Harm     .     e - +0 pair of gloves
MR     .....                    (no boots)
Stlth  +.........               q - amulet of rage
                                (no ring)
                                (no ring)

@: lethally poisoned (-14 -> -16), exhausted, slowed, very slow
A: talons 2, iridescent scales 2, fire resistance 1, powered by pain 1
a: Berserk, Trog's Hand, Burn Spellbooks, Renounce Religion, Evoke Berserk Rage


You were on level 6 of the Dungeon.
You worshipped Trog.
Trog was most pleased with you.
You were not hungry.

You visited 1 branch of the dungeon, and saw 6 of its levels.

You collected 307 gold pieces.

Inventory:

Hand Weapons
 j - a +3 whip of flaming
 r - a +1 mace of protection (weapon)
Armour
 c - a +0 plate armour
 e - a +0 pair of gloves (worn)
 f - a +0 ring mail (worn)
Jewellery
 q - an amulet of rage (around neck)
Wands
 l - a wand of lightning (12/15)
Scrolls
 b - a scroll of enchant weapon
 d - 3 scrolls of identify
 g - 2 scrolls of remove curse
 k - a scroll of recharging
 t - a scroll of teleportation
 u - a scroll of blinking
 v - a scroll of fog
Potions
 h - a potion of brilliance
 i - 3 potions of curing
 o - a potion of agility
 s - a potion of cure mutation
Books
 a - a book of Misfortune

   Spells                             Type                      Level
   a - Confusing Touch                Hexes                        1
   b - Confuse                        Hexes                        3
   c - Gell's Gravitas                Hexes/Translocation          3
   d - Petrify                        Transmutation/Earth          4
   e - Metabolic Englaciation         Hexes/Ice                    5
   f - Yara's Violent Unravelling     Hexes/Transmutation          5
   Trog disapproves of the use of such an item.
Comestibles
 m - 4 fruits
 n - a beef jerky
 p - 2 slices of pizza
 x - 3 bread rations


   Skills:
 + Level 5.2 Fighting
 + Level 6.9 Maces & Flails
 + Level 4.0 Armour
 + Level 3.5 Dodging
 - Level 1.0 Stealth
 + Level 1.0 Evocations


You had 7 spell levels left.
You didn't know any spells.

Dungeon Overview and Level Annotations

Branches:
Dungeon (6/15)             Temple (0/1) D:4

Altars:
Nemelex Xobeh


Innate Abilities, Weirdness & Mutations

You have razor-sharp toenails.
You are mostly covered in iridescent scales. (AC +4)
Your flesh is heat resistant. (rF+)
You sometimes gain a little power by taking damage.


Message History

Beogh smites you!
The worker ant bites you but does no damage.
The orc priest mumbles some strange prayers to Beogh against you.
Beogh smites you!
* * * LOW HITPOINT WARNING * * *
You feel much better.
The orc shouts!
The ogre barely misses you. The worker ant bites you.
You are poisoned.
The worker ant poisons you! The worker ant bites you.
The ogre hits you with a giant club!
* * * LOW HITPOINT WARNING * * *
An orc comes into view. It is wielding a short sword.
You feel sick. The worker ant closely misses you.
You feel sick. The worker ant bites you!
* * * LOW HITPOINT WARNING * * *
The ogre barely misses you.
The orc priest calls down the wrath of Beogh upon you.
Beogh smites you!
You die...

#...##
###..##
##o.##
##..##
#..o##
##..o##
###J.##
##.O##
##a@#
##..#
#....
##.....
#.####
##


You could see an ogre, a jelly, a worker ant, an orc priest and 2 orcs.

Vanquished Creatures
  Sigmund (D:2)
  Menkaure (D:4)
  An orc warrior (D:3)
  An ice beast (D:5)
  A phantom (D:5)
  2 centaurs (D:5)
  A scorpion (D:5)
  A centaur skeleton (D:4)
  3 hounds
  2 orc wizards
  2 orc priests
  A bullfrog skeleton (D:4)
  Jessica (D:2)
  An iguana (D:4)
  A worker ant (D:5)
  A gnoll (D:2)
  7 adders
  An adder zombie (D:5)
  3 worms
  5 dart slugs
  2 leopard geckos
  9 orcs
  3 ball pythons
  3 giant cockroaches
  6 goblins
  9 hobgoblins
  11 jackals
  A quokka (D:3)
  A ball python skeleton (D:4)
  4 bats
  4 frilled lizards
  3 kobolds
  5 rats
98 creatures vanquished.

Notes
Turn   | Place    | Note
-------+----------+-------------------------------------------
     0 | D:1      | CanadianGator the Demonspawn Berserker began the quest for the Orb.
     0 | D:1      | Reached XP level 1. HP: 18/18 MP: 1/1
   558 | D:1      | Gained mutation: You are partially covered in iridescent scales. (AC +2) [demonic ancestry]
   558 | D:1      | Reached XP level 2. HP: 22/24 MP: 2/2
   692 | D:1      | Reached skill level 3 in Maces & Flails
  1060 | D:2      | Gained mutation: Your flesh is heat resistant. (rF+) [demonic ancestry]
  1060 | D:2      | Reached XP level 3. HP: 24/29 MP: 3/3
  1063 | D:2      | Noticed Jessica
  1071 | D:2      | Killed Jessica
  1105 | D:2      | Found a sparkling altar of Nemelex Xobeh.
  1152 | D:2      | Noticed Sigmund
  1173 | D:2      | Killed Sigmund
  1173 | D:2      | Reached skill level 4 in Maces & Flails
  1173 | D:2      | Gained mutation: You have sharp toenails. [demonic ancestry]
  1173 | D:2      | Reached XP level 4. HP: 24/37 MP: 4/4
  1173 | D:2      | Reached XP level 5. HP: 27/42 MP: 5/5
  1364 | D:2      | Reached ** piety under Trog
  1603 | D:3      | Found a faded altar of an unknown god.
  1711 | D:3      | Noticed an orc warrior
  1713 | D:3      | Gained mutation: You are mostly covered in iridescent scales. (AC +4) [demonic ancestry]
  1713 | D:3      | Reached XP level 6. HP: 49/49 MP: 6/6
  1731 | D:3      | Killed an orc warrior
  1731 | D:3      | Reached skill level 5 in Maces & Flails
  2178 | D:3      | Reached *** piety under Trog
  2483 | D:4      | Noticed Menkaure
  2493 | D:4      | Killed Menkaure
  2493 | D:4      | Gained mutation: You sometimes gain a little power by taking damage. [demonic ancestry]
  2493 | D:4      | Reached XP level 7. HP: 31/55 MP: 7/7
  2818 | D:4      | Reached skill level 1 in Stealth
  2848 | D:4      | Reached skill level 5 in Fighting
  2859 | D:4      | Found a staircase to the Ecumenical Temple.
  3023 | D:4      | Reached skill level 6 in Maces & Flails
  3060 | D:5      | Entered Level 5 of the Dungeon
  3389 | D:5      | Reached skill level 1 in Evocations
  3435 | D:5      | Gained mutation: You have razor-sharp toenails. [demonic ancestry]
  3435 | D:5      | Reached XP level 8. HP: 31/62 MP: 8/8
  4026 | D:6      | HP: 1/62 [worker ant (7)]
  4027 | D:6      | Killed from afar by an orc priest

Skill      XL: |  1  2  3  4  5  6  7  8 |
---------------+-------------------------+-----
Maces & Flails | 3 4 5 6 |  6.9
Armour         | 2 3 4 |  4.0
Dodging        | 2 3 |  3.5
Fighting       | 4 5 |  5.2
Stealth        | 1 |  1.0
Evocations     | 1 |  1.0

Action                   |  1- 3 |  4- 6 |  7- 9 || total
-------------------------+-------+-------+-------++-------
Melee: Mace              |    28 |     7 |   188 ||   223
       Whip              |    47 |   119 |       ||   166
       Kick              |       |    28 |    53 ||    81
Invok: Berserk           |       |     2 |       ||     2
 Abil: Evoke Berserk Rag |       |       |     2 ||     2
  Use: Scroll            |     7 |     3 |     5 ||    15
       Potion            |       |     1 |     1 ||     2
 Stab: Distracted        |       |       |     1 ||     1
  Eat: Bread ration      |       |     1 |     1 ||     2
       Meat ration       |       |       |     1 ||     1
       Beef jerky        |       |       |     1 ||     1
Armor: Ring mail         |    15 |    54 |    93 ||   162
       Chain mail        |       |     2 |       ||     2
Dodge: Dodged            |    29 |    66 |   148 ||   243
